 Dungeon Crawl Stone Soup version 0.18.1-48-g4cf74bf (webtiles) character file.

3689 meme the Skirmisher (level 9, -8/79 HPs)
             Began as a Demonspawn Chaos Knight on July 9, 2016.
             Mangled by a warg (11 damage)
             ... on level 9 of the Dungeon on July 10, 2016.
             The game lasted 01:27:59 (4846 turns).

meme the Skirmisher (Demonspawn Chaos Knight)       Turns: 4846, Time: 01:27:59

Health: -8/79      AC:  8    Str: 11    XL:     9   Next: 90%
Magic:  19/19      EV: 13    Int: 13    God:    Xom [*.....]
Gold:   438        SH:  8    Dex: 18    Spells: 2 memorised, 6 levels left

rFire  . . .     SeeInvis .     a - +0 spear (chaos)
rCold  + . .     Gourm    .     b - +2 leather armour
rNeg   . . .     Faith    .     H - +0 shield
rPois  .         Spirit   .     (helmet restricted)
rElec  .         Dismiss  .     j - +0 cloak
rCorr  .         Reflect  .     r - +0 pair of gloves
SustAt .         Harm     .     (no boots)
MR     .....     Rnd*Rage +     f - amulet of regeneration
Stlth  +++++.....               (no ring)
                                m - ring of magical power

@: not resistant to hostile enchantments, quite stealthy
A: antennae 1, hooves 2, thin skeletal structure 2, camouflage 1, berserk 1,
blurry vision 1, cold resistance 1, demonic guardian 1, robust 1, screaming 2,
weak 2, evolution 1, rot immunity
a: Renounce Religion


You were on level 9 of the Dungeon.
You worshipped Xom.
You were a special plaything of Xom.
You were not hungry.

You visited 1 branch of the dungeon, and saw 9 of its levels.
You also visited: Ossuary.

You collected 438 gold pieces.

Inventory:

Hand Weapons
 a - a +0 spear of chaos (weapon)
 E - a +0 blowgun
Missiles
 n - 10 javelins (quivered)
 F - 8 poisoned needles
Armour
 b - a +2 leather armour (worn)
 j - a +0 cloak (worn)
 r - a +0 pair of gloves (worn)
 y - a +0 pair of gloves
 H - a +0 shield (worn)
Jewellery
 f - an amulet of regeneration (around neck)
 m - a ring of magical power (left hand)
 q - an uncursed ring of ice
 A - an uncursed ring of wizardry
Wands
 s - a wand of random effects (12/48)
 D - a wand of random effects (8/48)
Scrolls
 e - 2 scrolls of recharging
 g - 7 scrolls of remove curse
 h - 2 scrolls of magic mapping
 p - a scroll of teleportation
 t - a scroll of enchant armour {unknown}
 v - 7 scrolls of identify
 z - a scroll of acquirement {unknown}
 B - a scroll of amnesia {unknown}
Books
 d - a book of Battle

   Spells                             Type                      Level
   a - Infusion                       Charms                       1
   b - Shroud of Golubria             Charms/Translocation         2
   c - Song of Slaying                Charms                       2
   d - Spectral Weapon                Hexes/Charms                 3
   e - Regeneration                   Charms/Necromancy            3
Comestibles
 c - 4 bread rations
 i - a meat ration
 o - a chunk of flesh
 C - 3 beef jerkies
 G - 8 slices of pizza


   Skills:
 + Level 7.1 Fighting
 + Level 6.4 Polearms
 + Level 1.0 Throwing
 + Level 4.5 Armour
 + Level 6.7 Dodging
 + Level 5.4 Stealth
 + Level 1.5 Shields
 + Level 0.6 Spellcasting
 + Level 0.5 Charms
 + Level 1.6 Evocations


You had 6 spell levels left.
You knew the following spells:

 Your Spells              Type           Power        Failure   Level  Hunger
a - Song of Slaying       Chrm           #.......     100%        2    ###....
b - Infusion              Chrm           #...         99%         1    ##.....


Dungeon Overview and Level Annotations

Branches:
Dungeon (9/15)             Temple (0/1) D:4             Orc (0/2) D:9
   Lair: D:8-11

Altars:
Ashenzari
Okawaru
Trog
Xom
Yredelemnul

Shops:
D:6 :

Annotations:
D:5 Menkaure


Innate Abilities, Weirdness & Mutations

You have hoof-like feet.
You have a moderately thin skeletal structure (Dex +4, Stealth+).
A weak demonic guardian rushes to your aid.
You are immune to rotting.
You have a pair of small antennae on your head.
Your skin changes colour to match your surroundings (Stealth).
You tend to lose your temper in combat.
Scrolls take you a little longer to read.
Your flesh is cold resistant.
You are robust (+10% HP).
You sometimes yell uncontrollably at your foes.
You are very weak. (Str -4)
You evolve.


Message History

You barely miss something. Something bites you!
You closely miss something. Something bites you but does no damage.
You miss something. You kick something. Something bites you but does no damage.
Your shield and leather armour prevent you from hitting something.
Something bites you!
You hit something. Sparks fly from your spear of chaos!
Your kick misses something. Something barely misses you.
You closely miss something. You kick something. Something bites you!
* * * LOW HITPOINT WARNING * * *
Something bites you!
* * * LOW HITPOINT WARNING * * *
You hit something but do no damage. Something bites you.
* * * LOW HITPOINT WARNING * * *
You miss something. Something barely misses you.
You hit something.
Nothing appears to happen.
You kick something. Something bites you.
* * * LOW HITPOINT WARNING * * *
You barely miss something. You kick something. You block something's attack.
You hit something but do no damage. You kick something. Something bites you!
You die...

##################
#.........).......
#......###########
#......#
#...†..######
#...%..')...#
#......####)#
#......####.#
###@######....#####
#..{...###.##.....##
#..>...'............
#......###..).......
##...............##5
#...............##.
#..................
#...........##.....
#...........##.....


There were no monsters in sight!

Vanquished Creatures
  2 two-headed ogres
  Prince Ribbit (D:7)
  A wyvern (D:8)
  A steam dragon (D:5)
  A hungry ghost (D:7)
  A human (D:9)
  A warg (D:9)
  The ghost of daning the Charmwright, an amateur HESk (D:5)
  A phantom (D:5)
  A sky beast (D:7)
  A necrophage (D:6)
  A black bear (D:6)
  An eye of draining (D:8)
  3 ogres
  An ice beast (D:8)
  2 big kobolds
  A giant frog (D:8)
  2 scorpions
  8 killer bees
  A howler monkey (D:9)
  2 quasits
  4 hounds
  A jelly (D:6)
  4 orc priests
  An iguana (D:4)
  5 worker ants
  4 orc wizards
  4 sheep (D:9)
  A sheep (shapeshifter) (D:3)
  4 mummies
  A worker ant zombie (D:8)
  7 adders
  A shadow imp (D:6)
  3 worms
  2 giant geckos
  14 orcs
  2 bats (D:1)
  4 giant cockroaches
  9 goblins
  7 hobgoblins
  7 jackals
  2 ball pythons
  A giant gecko skeleton (D:4)
  3 giant newts
  A goblin zombie (Ossuary)
  A jackal skeleton (D:4)
  13 kobolds
  10 rats
150 creatures vanquished.

Vanquished Creatures (collateral kills)
  A water moccasin (D:9)
  A giant frog (D:6)
  A crimson imp (D:8)
  A giant frog zombie (D:6)
  A hound skeleton (D:6)
  2 mummies (Ossuary)
  A worker ant zombie (D:6)
  2 adders
  A shadow imp (D:8)
  3 orcs (D:9)
  A ball python (D:6)
  A giant gecko skeleton (D:8)
  A giant newt (D:5)
17 creatures vanquished.

Vanquished Creatures (others)
  3 ball lightnings (D:8)
  An ice beast (D:9)
  A hobgoblin (D:1)
5 creatures vanquished.

Grand Total: 172 creatures vanquished

Notes
Turn   | Place    | Note
--------------------------------------------------------------
     0 | D:1      | meme the Demonspawn Chaos Knight began the quest for the Orb.
     0 | D:1      | Reached XP level 1. HP: 18/18 MP: 1/1
     8 | D:1      | XOM: potion effect (haste)
   164 | D:1      | Gained mutation: You have large cloven feet. [demonic ancestry]
   164 | D:1      | Reached XP level 2. HP: 23/24 MP: 2/2
   368 | D:1      | XOM: silly message
   383 | D:1      | Reached skill level 1 in Dodging
   605 | D:2      | Reached XP level 3. HP: 19/29 MP: 3/3
   912 | D:3      | Found an iron altar of Okawaru.
   943 | D:3      | XOM: noise
   947 | D:3      | Reached XP level 4. HP: 26/36 MP: 4/4
   979 | D:3      | Gained mutation: Your skin changes colour to match your surroundings (Stealth). [mutagenic meat]
  1010 | D:3      | Gained mutation: You have a pair of small horns on your head. [mutagenic meat]
  1019 | D:3      | Found a shattered altar of Ashenzari.
  1076 | D:3      | Gained mutation: You are robust (+10% HP). [potion of mutation]
  1076 | D:3      | Gained mutation: You tend to lose your temper in combat. [potion of mutation]
  1076 | D:3      | Gained mutation: You evolve. [potion of mutation]
  1111 | D:3      | Found a bloodstained altar of Trog.
  1121 | D:4      | Found a staircase to the Ecumenical Temple.
  1121 | D:4      | Noticed an ogre
  1145 | D:4      | Killed an ogre
  1145 | D:4      | Reached skill level 4 in Fighting
  1145 | D:4      | Gained mutation: You are immune to rotting. [demonic ancestry]
  1145 | D:4      | Reached XP level 5. HP: 46/46 MP: 5/5
  1305 | D:4      | Gained mutation: You have a somewhat thin skeletal structure (Dex +2, Stealth). [demonic ancestry]
  1305 | D:4      | Reached XP level 6. HP: 41/52 MP: 6/6
  1457 | D:4      | Found a sand-covered staircase.
  1508 | Ossuary  | Entered an ossuary
  1553 | Ossuary  | XOM: summons friendly shadow imp
  1554 | Ossuary  | XOM: summons 5 friendly demons
  1558 | Ossuary  | XOM: vitrification
  1731 | D:4      | Reached skill level 1 in Stealth
  1883 | D:5      | Entered Level 5 of the Dungeon
  1887 | D:5      | Noticed Menkaure
  1913 | D:5      | Noticed daning's ghost (amateur HESk)
  1944 | D:5      | Gained mutation: Your flesh is cold resistant. [potion of mutation]
  1944 | D:5      | Lost mutation: You have a pair of small horns on your head. [potion of mutation]
  1945 | D:5      | XOM: give mutations
  1945 | D:5      | Gained mutation: You are weak. (Str -2) [Xom's mischief]
  1945 | D:5      | Gained mutation: You are very weak. (Str -4) [Xom's mischief]
  1945 | D:5      | Gained mutation: You occasionally shout uncontrollably at your foes. [Xom's mischief]
  1945 | D:5      | Gained mutation: You have a pair of small antennae on your head. [Xom's mischief]
  1955 | D:5      | Gained mutation: Scrolls take you a little longer to read. [potion of mutation]
  1955 | D:5      | Gained mutation: You sometimes yell uncontrollably at your foes. [potion of mutation]
  1978 | D:5      | XOM: stat loss: -1 Str (11/14)
  1986 | D:5      | Gained mutation: A weak demonic guardian rushes to your aid. [demonic ancestry]
  1986 | D:5      | Reached XP level 7. HP: 60/60 MP: 7/7
  2021 | D:5      | Noticed a steam dragon
  2021 | D:5      | a hound changed into a steam dragon
  2029 | D:5      | HP: 2/60 [steam dragon (8)]
  2035 | D:5      | Killed a steam dragon
  2035 | D:5      | Reached skill level 5 in Polearms
  2053 | D:5      | XOM: polymorph iron imp -> shadow imp
  2262 | D:5      | XOM: enchant monster (bad)
  2266 | D:5      | XOM: summons friendly ufetubus
  2273 | D:5      | XOM: polymorph iron imp -> shadow imp
  2295 | D:5      | XOM: blink monster(s)
  2311 | D:5      | Killed daning's ghost
  2311 | D:5      | Reached skill level 5 in Fighting
  2408 | D:5      | XOM: harmless Trmt miscast
  2422 | D:5      | XOM: scenery: create altars
  2453 | D:5      | XOM: draining
  2472 | D:5      | Reached skill level 1 in Evocations
  2582 | D:6      | XOM: confusion
  2583 | D:6      | XOM: summons 7 friendly demons
  2633 | D:6      | XOM: 1-stop teleportation journey
  2635 | D:6      | XOM: summons 5 friendly demons
  2660 | D:6      | Found a basalt altar of Yredelemnul.
  2697 | D:6      | Gained mutation: You have hoof-like feet. [demonic ancestry]
  2697 | D:6      | Reached XP level 8. HP: 69/69 MP: 8/8
  2832 | D:6      | Found Zaocil's Book Boutique.
  2834 | D:6      | XOM: summons 8 friendly demons
  3090 | D:7      | Noticed Prince Ribbit
  3131 | D:7      | XOM: potion effect (brilliance)
  3135 | D:7      | XOM: potion effect (haste)
  3154 | D:7      | Killed Prince Ribbit
  3154 | D:7      | Reached skill level 6 in Fighting
  3300 | D:7      | Reached skill level 5 in Dodging
  3352 | D:7      | XOM: smoke on damage
  3387 | D:7      | XOM: vitrification
  3703 | D:8      | Noticed a two-headed ogre
  3718 | D:8      | XOM: summons friendly iron imp
  3726 | D:8      | XOM: summons friendly quasit
  3727 | D:8      | Gained mutation: You have a moderately thin skeletal structure (Dex +4, Stealth+). [demonic ancestry]
  3727 | D:8      | Reached XP level 9. HP: 78/78 MP: 10/10
  3780 | D:8      | Learned a level 2 spell: Song of Slaying
  3790 | D:8      | Learned a level 1 spell: Infusion
  3827 | D:8      | XOM: cast spell 'Conjure Ball Lightning'
  3829 | D:8      | XOM: smoke on damage
  4013 | D:8      | XOM: 3-stop teleportation journey
  4131 | D:8      | XOM: cast spell 'Shadow Creatures'
  4133 | D:8      | XOM: mild Air miscast
  4318 | D:9      | Reached skill level 1 in Throwing
  4318 | D:9      | Reached skill level 5 in Stealth
  4351 | D:9      | XOM: cast spell 'Metabolic Englaciation'
  4358 | D:9      | XOM: swap monsters
  4417 | D:9      | XOM: polymorph orc -> gnoll
  4420 | D:9      | XOM: enchant monster (good)
  4423 | D:9      | XOM: 1-stop teleportation journey
  4426 | D:9      | XOM: polymorph crocodile -> two-headed ogre
  4550 | D:9      | Found a staircase to the Orcish Mines.
  4590 | D:9      | Reached skill level 7 in Fighting
  4590 | D:9      | Reached skill level 1 in Shields
  4835 | D:9      | XOM: enchant monster (bad)
  4844 | D:9      | HP: 2/79 [something (5)]
  4846 | D:9      | Mangled by a warg

Skill      XL: |  1  2  3  4  5  6  7  8  9 |
---------------+----------------------------+-----
Polearms       | 3 4 5 6 |  6.4
Dodging        | 1 2 3 5 6 |  6.7
Armour         | 2 3 4 |  4.5
Fighting       | 4 5 6 7 |  7.1
Stealth        | 1 2 4 5 |  5.4
Evocations     | 1 |  1.6
Throwing       | 1 |  1.0
Shields        | 1 |  1.5
Spellcasting   | |  0.6
Charms         | |  0.5

Action                   |  1- 3 |  4- 6 |  7- 9 || total
-------------------------+-------+-------+-------++-------
Melee: Spear             |   130 |   143 |   509 ||   782
       Kick              |    14 |    24 |   132 ||   170
       Headbutt          |       |    13 |       ||    13
Throw: Javelin           |     1 |       |     9 ||    10
 Cast: Song of Slaying   |       |       |     2 ||     2
Evoke: Wand              |       |       |    10 ||    10
  Use: Scroll            |     3 |     3 |    13 ||    19
       Potion            |       |    12 |    15 ||    27
 Stab: Sleeping          |       |     4 |     8 ||    12
       Paralysed         |       |     2 |     3 ||     5
       Distracted        |       |       |     3 ||     3
       Petrifying        |       |       |     3 ||     3
       Confused          |       |       |     3 ||     3
  Eat: Chunk             |       |     2 |    12 ||    14
       Bread ration      |       |     1 |       ||     1
       Meat ration       |       |       |     2 ||     2
Armor: Leather armour    |    28 |    19 |    99 ||   146
Dodge: Dodged            |    47 |    37 |   287 ||   371
Block: Shield            |       |       |    51 ||    51
